 Dungeon Crawl Stone Soup version 0.30-a0-591-g3c58d2bc28 (webtiles) character file.

Game seed: 16881584997515366898

12908 funkygono the Thaumaturge (level 11, -10/78 HPs)
             Began as a Demonspawn Fire Elementalist on Jan 5, 2023.
             Engulfed by a cloud of flame (36 damage)
             ... in a volcano.
             The game lasted 00:22:34 (9940 turns).

funkygono the Thaumaturge (DsFE)                    Turns: 9940, Time: 00:22:35

Health: -10/78     AC: 11    Str:  9    XL:     11   Next: 68%
Magic:  34/34      EV: 18    Int: 20    God:
Gold:   1049       SH:  0    Dex: 14    Spells: 14/30 levels left

rFire   x . .      SeeInvis .    y - +6 dagger (elec)
rCold   + + .      Faith    .    (no shield)
rNeg    . . .      Spirit   .    D - +0 acid dragon scales
rPois   .          Reflect  .    N - +1 hat {Will+}
rElec   .          Harm     .    (cloak unavailable)
rCorr   +          Rampage  .    C - +2 pair of gloves of the Loofah {rF- rC++ Slay+6}
Will    +....                    (no boots)
Stlth   ++                       A - amulet of magic regeneration
HPRegen 0.33/turn                l - ring of magical power
MPRegen 0.64/turn                u - +5 ring of evasion

@: no status effects
A: demonic guardian 1, demonic magic 1, weakness stinger 3
a: no special abilities


You were in a volcano.
You visited 3 branches of the dungeon, and saw 13 of its levels.
You also visited: Volcano.

You collected 1049 gold pieces.

Inventory:

Hand Weapons
 y - a +6 dagger of electrocution (weapon)
Armour
 c - a +2 helmet
 C - the +2 pair of gloves of the Loofah (worn) {rF- rC++ Slay+6}
   (You found it on level 4 of the Dungeon)

   Slay:      It affects your accuracy & damage with ranged weapons and melee
   (+6).
   rF:        It makes you vulnerable to fire.
   rC:        It greatly protects you from cold.
 D - +0 acid dragon scales (worn)
 F - a +0 troll leather armour
 L - a +2 robe of cold resistance
 N - a +1 hat of willpower (worn)
Magical Staves
 f - a staff of earth
Jewellery
 i - an amulet of the acrobat
 l - a ring of magical power (left hand)
 u - a +5 ring of evasion (right hand)
 v - a ring of see invisible
 x - a ring of wizardry
 A - an amulet of magic regeneration (around neck)
Wands
 j - a wand of iceblast (2)
 w - a wand of paralysis (27)
 B - a wand of mindburst (12)
Scrolls
 a - a scroll of poison
 d - 2 scrolls of fog
 m - a scroll of butterflies
 o - 3 scrolls of identify
 p - 3 scrolls of magic mapping
 z - 3 scrolls of teleportation
 G - a scroll of amnesia
Potions
 b - 3 potions of magic
 h - 4 potions of heal wounds
 n - 4 potions of curing
 s - 4 potions of mutation
 H - a potion of brilliance
 I - a potion of haste


   Skills:
 + Level 4.8 Fighting
 + Level 4.5 Short Blades
 + Level 4.5 Armour
 + Level 5.1 Dodging
 - Level 1.7 Stealth
 + Level 10.0 Spellcasting
 + Level 8.5 Conjurations
 + Level 9.7 Fire Magic
 + Level 0.2 Evocations


You had 14 spell levels left.
You knew the following spells:

 Your Spells              Type           Power      Damage    Failure   Level
a - Foxfire               Conj/Fire      100%       2x1d9     1%          1
b - Scorch                Fire           98%        2d10      1%          2
c - Kindle Blastsparks    Fire/Tloc/Air  46%        2d13      9%          3
d - Flame Wave            Conj/Fire      46%        2d12      2%          4
e - Mephitic Cloud        Conj/Pois/Air  21%        N/A       11%         3
f - Ignite Poison         Fire/Tmut/Pois 23%        N/A       9%          3

Your spell library contained the following spells:

 Spells                   Type           Power      Damage    Failure   Level
 Magic Dart               Conj           100%       1d8       1%          1
 Inner Flame              Hex/Fire       29%        N/A       4%          3
 Summon Small Mammal      Summ           40%        N/A       11%         1
 Call Imp                 Summ           10%        N/A       17%         2
 Ensorcelled Hibernation  Hex/Ice        20%        N/A       17%         2
 Call Canine Familiar     Summ           10%        N/A       32%         3
 Portal Projectile        Hex/Tloc       20%        N/A       32%         3
 Summon Guardian Golem    Hex/Summ       10%        N/A       32%         3
 Freezing Cloud           Conj/Ice/Air   10%        6-21      67%         5
 Leda's Liquefaction      Hex/Erth       5%         N/A       73%         4


Dungeon Overview and Level Annotations

Branches:
Dungeon (11/15)            Temple (1/1) D:4            Lair (1/5) D:9
Volcano (1/1)
    Orc: D:9-12

Altars:
Ashenzari
Cheibriados
Dithmenos
Fedhas
Gozag
Hepliaklqana
Kikubaaqudgha
Makhleb
Nemelex Xobeh
Okawaru
Qazlal
Ru
Sif Muna
Trog
Uskayaw
Vehumet
Wu Jian
Xom
Yredelemnul

Shops:
D:3 (

Portals:
Trove: D:10 (show abyssal rune of Zot)

Annotations:
D:10 1 transporter
D:11 Nergalle Volcano exclusion: obsidian statue


Innate Abilities, Weirdness & Mutations

A weak demonic guardian rushes to your aid.
Spells you cast may paralyse adjacent enemies.
You have a sharp stinger which inflicts weakening toxins.


Message History

Your ufetubus disappears in a puff of smoke!
The air gets thick with the scent of sulphur.
In the distance, the volcano erupts with a roar.
The air gets thick with the scent of sulphur.
In the distance, the volcano erupts with a roar.
A fire bat is nearby!
You puncture the fire bat!
The fire bat is heavily wounded.
The fire bat misses you. The fire bat bites you.
You are engulfed in flames!
The fire burns you terribly! The fire bat closely misses you.
You puncture the fire bat! Lightning courses through the fire bat!
You kill the fire bat!
The air gets thick with the scent of sulphur.
In the distance, the volcano erupts with a roar.
You open the door.
There is an open door here.
Partly explored, can't reach some places.
Unknown command.
Really walk into that cloud of flame? [Y]es or [N]o only, please.
Really walk into that cloud of flame?
You are engulfed in blazing flames.
You are engulfed in blazing flames.
You are engulfed in blazing flames.
A steam dragon and an obsidian statue come into view.
Marking area around an obsidian statue as unsafe for travelling.
Press: ? - help, v - describe, . - travel A stone wall.
Unknown command.
Really walk into that cloud of flame?
Okay, then.
There are monsters nearby!
Really walk into that cloud of flame?
Okay, then.
Unknown command.
Really walk into that cloud of flame?
You are engulfed in blazing flames.
You die...

###########
#○#○#≈#≈#°#
#≈#○#≈#≈#°#
#≈#○#≈#≈#≈###
#.@○.○....#8#
#.#○#○#≈#≈#..#
#.#○#☼#≈#≈##.#
..#○#☼#≈#≈##.#
D8##########..#
### #........##
#'######## #.#
#..## ##.##
##...##


There were no monsters in sight!

Vanquished Creatures
  Gastronok (D:10)
  Fannar (D:10)
  3 two-headed ogres
  3 komodo dragons
  2 trolls (D:10)
  3 wyverns
  6 fire bats (Volcano)
  15 yaks
  A steam dragon (D:8)
  7 vampire mosquitoes
  3 water moccasins
  An acid dragon (D:8)
  An orc warrior (D:9)
  4 ice beasts
  3 ogres
  2 black bears
  3 centaurs
  2 kobold brigands
  3 bullfrogs
  3 scorpions
  5 killer bees (D:9)
  A howler monkey (D:9)
  8 lava snakes (Volcano)
  3 hounds
  2 jellies
  A gnoll bouda (D:6)
  4 orc priests
  2 iguanas
  8 orc wizards
  12 gnolls
  5 adders
  A shadow imp (D:8)
  2 white imps
  4 worms
  A dart slug (D:3)
  26 orcs
  2 endoplasms
  6 giant cockroaches
  6 goblins
  4 hobgoblins
  5 quokkas
  4 ball pythons
  5 bats
  4 frilled lizards
  34 kobolds
  5 rats
227 creatures vanquished.

Vanquished Creatures (collateral kills)
  A white imp (D:4)
  16 foxfires
17 creatures vanquished.

Vanquished Creatures (others)
  707 foxfires
  103 plants (D:9)
810 creatures vanquished.

Grand Total: 1054 creatures vanquished

Notes
Turn   | Place    | Note
-------+----------+-------------------------------------------
     0 | D:1      | funkygono the Demonspawn Fire Elementalist began the quest
                  | for the Orb.
     0 | D:1      | Reached XP level 1. HP: 13/13 MP: 3/3
    28 | D:1      | Found a faded altar of an unknown god.
   361 | D:1      | Gained mutation: You have a small tail. [demonic ancestry]
   361 | D:1      | Reached XP level 2. HP: 20/20 MP: 3/5
   364 | D:1      | Learned a level 2 spell: Scorch
  1198 | D:2      | Gained mutation: You have a tail ending in a sharp stinger.
                  | [demonic ancestry]
  1198 | D:2      | Reached XP level 3. HP: 25/25 MP: 3/6
  1202 | D:2      | Learned a level 3 spell: Kindle Blastsparks
  1469 | D:2      | You fall into a shaft and drop 1 floor!
  1791 | D:3      | Gained mutation: A weak demonic guardian rushes to your
                  | aid. [demonic ancestry]
  1791 | D:3      | Reached XP level 4. HP: 28/31 MP: 6/8
  1831 | D:3      | Reached skill level 3 in Spellcasting
  2122 | D:3      | Found a hide-covered altar of Uskayaw.
  2149 | D:3      | Found an iron altar of Okawaru.
  2151 | D:3      | Found an opulent altar of Gozag.
  2558 | D:3      | Found Zumaczum's Weapon Boutique.
  2889 | D:4      | Noticed a wyvern
  2904 | D:4      | Killed a wyvern
  2905 | D:4      | Reached skill level 4 in Spellcasting
  2905 | D:4      | Reached XP level 5. HP: 8/36 MP: 3/11
  2905 | D:4      | Reached XP level 6. HP: 9/42 MP: 3/12
  3054 | D:4      | Learned a level 4 spell: Flame Wave
  3249 | D:4      | Identified the +4 whip of Taif {pain, MP+9 Dex+7}
  3284 | D:4      | Found a staircase to the Ecumenical Temple.
  3306 | Temple   | Entered the Ecumenical Temple
  3639 | D:4      | Found a hazy altar of Hepliaklqana.
  3641 | D:4      | Found a shadowy altar of Dithmenos.
  3641 | D:4      | Noticed a shadow
  3683 | D:4      | Identified the +2 pair of gloves of the Loofah {rF- rC++
                  | Slay+6}
  3899 | D:4      | Reached skill level 6 in Spellcasting
  3899 | D:4      | Reached skill level 5 in Conjurations
  3899 | D:4      | Reached XP level 7. HP: 55/55 MP: 16/16
  3931 | D:5      | Entered Level 5 of the Dungeon
  4080 | D:5      | Gained mutation: Spells you cast may paralyse adjacent
                  | enemies. [demonic ancestry]
  4080 | D:5      | Reached XP level 8. HP: 61/61 MP: 17/17
  4682 | D:6      | Found a bloodstained altar of Trog.
  4777 | D:6      | Identified the +8 war axe of Okawaru's Esteem {drain, rN+
                  | Will+}
  5101 | D:6      | Found a basalt altar of Yredelemnul.
  5576 | D:7      | Noticed a komodo dragon
  5586 | D:7      | Killed a komodo dragon
  5587 | D:7      | Reached skill level 7 in Spellcasting
  5587 | D:7      | Reached XP level 9. HP: 50/66 MP: 13/19
  6675 | D:9      | Noticed a two-headed ogre
  6683 | D:9      | Killed a two-headed ogre
  6729 | D:9      | Reached XP level 10. HP: 73/73 MP: 21/21
  6733 | D:9      | Reached skill level 8 in Spellcasting
  6763 | D:9      | Found the -2 hat of the Alchemist {rElec rPois rF+ rC+ rN+
                  | Will+ rMut rCorr}
  7177 | D:9      | Found a burning altar of Makhleb.
  7380 | D:9      | Found a staircase to the Lair.
  7891 | D:9      | Identified a scroll of acquirement
  7922 | D:9      | Acquired 448 gold pieces
  7950 | D:10     | Entered Level 10 of the Dungeon
  7962 | D:10     | Found a blossoming altar of Fedhas.
  8061 | D:10     | Got the Quarto of Doomed Evolution
  8068 | D:10     | Noticed a two-headed ogre
  8077 | D:10     | Killed a two-headed ogre
  8161 | D:10     | Found a broken altar of Ashenzari.
  8263 | D:10     | Noticed a two-headed ogre
  8272 | D:10     | Killed a two-headed ogre
  8273 | D:10     | Reached skill level 9 in Spellcasting
  8410 | D:10     | Found a portal to a secret trove of treasure.
  8449 | D:10     | Gained mutation: You have a sharp stinger which inflicts
                  | weakening toxins. [demonic ancestry]
  8449 | D:10     | Reached XP level 11. HP: 66/78 MP: 24/24
  8498 | D:10     | Found a stormy altar of Qazlal.
  8508 | D:10     | Noticed Fannar
  8528 | D:10     | Killed Fannar
  8638 | D:10     | Found a transporter.
  8797 | D:10     | Noticed Gastronok
  8818 | D:10     | Killed Gastronok
  8896 | D:10     | Learned a level 3 spell: Mephitic Cloud
  8900 | D:10     | Learned a level 3 spell: Ignite Poison
  8953 | D:11     | Noticed Nergalle
  9115 | Lair:1   | Entered Level 1 of the Lair of Beasts
  9149 | Lair:1   | Reached skill level 5 in Dodging
  9233 | Lair:1   | Found a dark tunnel.
  9238 | Volcano  | Entered a volcano
  9262 | Volcano  | Reached skill level 10 in Spellcasting
  9939 | Volcano  | Noticed an obsidian statue
  9940 | Volcano  | Engulfed by a cloud of flame

Illustrated notes

Levels and vault maps discovered:
D:1:      minmay_arrival_cross, layout_basic,
          hellmonk_ecumenical_altar_crossroads
D:2:      layout_rooms
D:3:      layout_loops_ring, chequers_temple_overflow_minitemple, serial_shops,
          nicolae_shop_hallway_stairs, kennysheep_generic_room_2
D:4:      layout_rooms, riverfiend_overflow_shadow_ancestor,
          minmay_temple_entry_gardened_gates
D:5:      layout_loops_ring
D:6:      layout_rooms, old_standard_altar, overflow_temple_1_default
D:7:      layout_rooms
D:8:      layout_cave_pools
D:9:      kennysheep_kobold_camp, layout_loops_ring,
          mainiacjoe_overflow_small_starburst, david_lair_shrubbed
D:10:     layout_rooms, nicolae_qazlal_style_of_elements, lemuel_crystal_altar,
          kennysheep_mini, nicolae_trove_entry_crystal, nicolae_diode_basic,
          uniq_fannar, uniq_gastronok
D:11:     layout_long_grid, david_orc_1_choice, uniq_nergalle, uniq_erolcha
Temple:   nicolae_temple_figure_zero
Lair:1:   layout_cave_pods, enter_volcano_4, minivault_23,
          grunt_forest_stairs_basic
Volcano:  volcano_grotto [vgs_trial_by_fire]

Skill      XL: |  1  2  3  4  5  6  7  8  9 10 11 |
---------------+----------------------------------+-----
Fire Magic     | 3 4 6 7 8 9 |  9.7
Spellcasting   | 4 6 7 9 10 | 10.0
Conjurations   | 2 5 6 7 8 |  8.5
Dodging        | 4 5 |  5.1
Fighting       | 4 |  4.8
Short Blades   | 4 |  4.5
Armour         | 4 |  4.5
Stealth        | |  1.7
Evocations     | |  0.2

Action                   |  1- 3 |  4- 6 |  7- 9 | 10-12 || total
-------------------------+-------+-------+-------+-------++-------
Melee: Short sword       |     1 |     1 |       |       ||     2
       Dagger            |       |       |     5 |    63 ||    68
       Tailslap          |       |       |       |    11 ||    11
 Cast: Foxfire           |    67 |    77 |   143 |   145 ||   432
       Scorch            |     1 |    16 |    35 |    34 ||    86
       Flame Wave        |       |       |     1 |    25 ||    26
       Kindle Blastspark |       |       |       |     1 ||     1
Evoke: Wand              |       |       |       |    12 ||    12
  Use: Scroll            |       |    13 |     4 |     9 ||    26
       Potion            |       |     1 |       |       ||     1
 Stab: Paralysed         |       |       |     3 |     5 ||     8
Armor: Robe              |     3 |     2 |     2 |       ||     7
       Acid dragon scale |       |       |       |    19 ||    19
Dodge: Dodged            |    17 |    10 |    16 |    75 ||   118

Table legend: (Time is in decaauts)
 A = Elapsed time spent in this place.
 B = Non-inter-level travel time spent in this place.
 C = Inter-level travel time spent in this place.
 D = Time resting spent in this place.
 E = Time spent auto-exploring this place.
 F = Levels seen in this place.
 G = Mean time per level.
                   A        B        C        D        E       F      G
               +--------+--------+--------+--------+--------+-----+--------+
         Total |   9923 |   9550 |    373 |    281 |   7411 |  14 |  708.8 |
       Dungeon |   8942 |   8580 |    362 |    145 |   6835 |  11 |  812.9 |
        Temple |    164 |    154 |     10 |      0 |    150 |   1 |  164.0 |
          Lair |    121 |    121 |      0 |      0 |      0 |   1 |  121.0 |
       Volcano |    695 |    695 |      0 |    136 |    426 |   1 |  695.0 |
               +--------+--------+--------+--------+--------+-----+--------+

Top non-repeatable levels by time:
     D:9: 1406 daAuts
     D:3: 1299 daAuts
    D:10: 1016 daAuts
     D:4: 916 daAuts
     D:1: 913 daAuts
     D:6: 781 daAuts
     D:5: 771 daAuts
 Volcano: 695 daAuts
     D:2: 673 daAuts
     D:8: 594 daAuts
     D:7: 554 daAuts
  Temple: 164 daAuts
  Lair:1: 121 daAuts
    D:11: 15 daAuts
